 Dungeon Sprint DCSS version 0.21-a0-216-g6d3fd91 (webtiles) character file.

1978 potatolord6000 the Fighter (level 9, -5/64 HPs)
             Began as a Gargoyle Fighter on Aug 23, 2017.
             Slain by a polar bear (18 damage)
             ... in the Dungeon (Sprint II: "The Violet Keep of Menkaure").
             The game lasted 00:05:45 (447 turns).

potatolord6000 the Fighter (Gargoyle Fighter)        Turns: 447, Time: 00:05:46

Health: -5/64      AC: 20    Str: 25    XL:     9   Next: 20%
Magic:  9/9        EV:  5    Int: 10    God:
Gold:   62         SH: 20    Dex:  9    Spells: 8/8 levels left

rFire    . . .     SeeInvis .   a - +0 flail
rCold    + . .     Gourm    .   h - +2 large shield {rC+}
rNeg     + . .     Faith    .   m - +0 plate armour (curse)
rPois    ∞         Spirit   .   (no helmet)
rElec    +         Reflect  .   (no cloak)
rCorr    .         Harm     .   d - +2 pair of gloves {Str+3}
MR       .....     Rnd*Rage +   l - +0 pair of boots Stlth ..........NoTele +
                                (no amulet)
HPRegen  0.20/turn              (no ring)
MPRegen  0.11/turn              (no ring)

@: berserk cooldown, slowed, very slow
A: berserk 1, deformed body, negative energy resistance 1, electricity
resistance, unbreathing, petrification resistance, no potion heal 1, rot
immunity, AC +5
a: no special abilities


You were in the Dungeon.
You were not hungry.

You visited 1 branch You collected 972 gold pieces.
You spent 910 gold pieces at shops.

Inventory:

Hand Weapons
 a - a +0 flail (weapon)
Armour
 d - a +2 pair of gloves of strength (worn)
 h - a +2 large shield of cold resistance (worn)
 l - a +0 pair of boots (worn)
 m - a cursed +0 plate armour (worn)
Scrolls
 k - a scroll of blinking
Potions
 e - 3 potions of curing
 i - 2 potions of magic
Comestibles
 f - a bread ration


   Skills:
 + Level 11.5 Fighting
 + Level 10.3 Maces & Flails
 + Level 11.4 Armour
 + Level 11.5 Shields


You had 8 spell levels left.
You didn't know any spells.

Dungeon Overview and Level Annotations

Branches:
Dungeon (1/1)

Altars:
Cheibriados
Dithmenos
Elyvilon
Fedhas
Gozag
Kikubaaqudgha
Makhleb
Nemelex Xobeh
Okawaru
Sif Muna
Trog
Uskayaw
Vehumet
Yredelemnul
Zin
Beogh
Jiyva
Lugonu

Shops:
D }:=%*[![?=*=:(!:

Annotations:
D exclusion: oklob plant


Innate Abilities, Weirdness & Mutations

You are resistant to torment.
Your stone body is resilient. (AC +5)
You are immune to poison.
You resist negative energy. (rN+)
You are resistant to electric shocks. (rElec)
You can survive without breathing.
You are immune to petrification.
You are immune to rotting.
You tend to lose your temper in combat.
Armour fits poorly on your strangely shaped body.
Potions are less effective at restoring your health.


Message History

You bludgeon the polar bear!!
The polar bear is almost dead.
The polar bear barely misses you. The polar bear completely misses you.
The polar bear claws you.
The polar bear bites you but does no damage.
You block the polar bear's attack.
The polar bear claws you but does no damage.
You hit the polar bear but do no damage.
The polar bear is almost dead.
You block the polar bear's attack. The polar bear barely misses you.
You block the polar bear's attack.
Your unstable footing causes you to fumble your attack.
The polar bear goes berserk!
You block the polar bear's attack.
The polar bear claws you but does no damage.
The polar bear claws you.
Your unstable footing causes you to fumble your attack.
The polar bear bites you!
* * * LOW HITPOINT WARNING * * *
You block the polar bear's attack. x2; The polar bear bites you!!
You die...

.## ## ##. .## ##
#..#..# .# ##...####..##
.# ###†###.##..# .# #
###.##.#.#..# .# .#
.+.<.+##.+..### .##.#
.##.###..#.§..###h^.##▓▓
###+###.##....§.@)≈≈≈≈≈≈
##†#.####≈§.....≈#+#####
#..#..#≈≈≈§≈≈§§.≈#....._
###.###≈≈§§§§≈≈.§#...._.
≈##+##≈÷≈≈≈≈≈§§≈§#..._._
≈≈≈≈≈≈≈≈≈≈≈≈§§≈§≈#.._._.
+++#+++#≈≈§§≈≈§≈≈#._._._
§≈S≈≈ ##≈§§###≈≈#_._._.
§§§SS§§≈##≈≈# #≈≈#._._._


You could see a polar bear (berserk).

Vanquished Creatures
  A yaktaur (D)
  2 polar bears (D)
  A hornet (D)
  4 neqoxecs (D)
  A vampire mosquito (D)
  4 necrophages (D)
  A crocodile (D)
  4 worker ants (D)
  3 worms (D)
21 creatures vanquished.

Vanquished Creatures (others)
  Menkaure (D)
  A crocodile (D)
2 creatures vanquished.

Grand Total: 23 creatures vanquished

Notes
Turn   | Place    | Note
-------+----------+-------------------------------------------
     0 | D        | potatolord6000 the Gargoyle Fighter began the quest for the Orb.
     0 | D        | Reached XP level 1. HP: 14/14 MP: 1/1
     1 | D        | Noticed a necrophage
     1 | D        | Noticed a necrophage
     1 | D        | Noticed a necrophage
     1 | D        | Noticed a necrophage
    18 | D        | Killed a necrophage
    18 | D        | Reached skill level 5 in Fighting
    18 | D        | Reached skill level 5 in Armour
    18 | D        | Reached skill level 5 in Shields
    18 | D        | Reached XP level 2. HP: 18/22 MP: 2/2
    18 | D        | Reached XP level 3. HP: 22/27 MP: 3/3
    18 | D        | Reached XP level 4. HP: 26/32 MP: 4/4
    33 | D        | Killed a necrophage
    33 | D        | Reached skill level 5 in Maces & Flails
    33 | D        | Reached XP level 5. HP: 26/37 MP: 5/5
    41 | D        | Killed a necrophage
    41 | D        | Reached XP level 6. HP: 30/44 MP: 6/6
    50 | D        | Killed Menkaure
    53 | D        | Killed a necrophage
    80 | D        | Noticed a neqoxec
    82 | D        | Noticed a neqoxec
    84 | D        | Killed a neqoxec
    84 | D        | Reached XP level 7. HP: 36/50 MP: 7/7
    90 | D        | Killed a neqoxec
    94 | D        | Noticed a neqoxec
    94 | D        | Noticed a neqoxec
    97 | D        | Gained mutation: You tend to lose your temper in combat. [a neqoxec]
    99 | D        | Killed a neqoxec
    99 | D        | Gained mutation: Armour fits poorly on your strangely shaped body. [a neqoxec]
   102 | D        | Gained mutation: Potions are less effective at restoring your health. [a neqoxec]
   108 | D        | Killed a neqoxec
   108 | D        | Reached skill level 10 in Shields
   108 | D        | Reached XP level 8. HP: 32/57 MP: 8/8
   136 | D        | Reached skill level 10 in Fighting
   138 | D        | Reached skill level 10 in Armour
   270 | D        | Found Qeniaf's Book Emporium.
   270 | D        | Found Rihad's Book Shoppe.
   270 | D        | Found Jenin's Distillery.
   270 | D        | Found Wusm's Jewellery Emporium.
   271 | D        | Found Tufranel's Antique Weapon Emporium.
   271 | D        | Found Ishinach's Jewellery Shoppe.
   271 | D        | Found Hog Qoc's Magic Scroll Emporium.
   271 | D        | Found Noonasm's Antique Armour Shoppe.
   272 | D        | Found Hyhamos's Distillery.
   272 | D        | Found Ofurag's Antique Armour Shoppe.
   272 | D        | Found Heroill's Assorted Antiques.
   286 | D        | Found Dyterac's Assorted Antiques.
   286 | D        | Noticed a redback
   287 | D        | Found Ybiej's Food Shoppe.
   287 | D        | Found Nougapha's Jewellery Emporium.
   287 | D        | Noticed a redback
   287 | D        | Noticed an oklob plant
   288 | D        | Found Lalic's Gadget Shoppe.
   288 | D        | Found Liphinoi's Book Shoppe.
   290 | D        | Noticed a wyvern
   291 | D        | Noticed a wyvern
   296 | D        | Bought a pair of runed gloves for 150 gold pieces
   296 | D        | Bought a shiny large shield for 150 gold pieces
   296 | D        | Bought a pair of boots for 90 gold pieces
   296 | D        | Bought a shiny plate armour for 520 gold pieces
   387 | D        | Noticed a flying skull
   387 | D        | Noticed a flying skull
   392 | D        | Found an opulent altar of Gozag.
   392 | D        | Found an iron altar of Okawaru.
   393 | D        | Found a blossoming altar of Fedhas.
   393 | D        | Found a sparkling altar of Nemelex Xobeh.
   395 | D        | Found a white marble altar of Elyvilon.
   395 | D        | Found a burning altar of Makhleb.
   395 | D        | Found a radiant altar of Vehumet.
   396 | D        | Found a shadowy altar of Dithmenos.
   396 | D        | Found a corrupted altar of Lugonu.
   396 | D        | Found a hide-covered altar of Uskayaw.
   397 | D        | Found a snail-covered altar of Cheibriados.
   397 | D        | Found an ancient bone altar of Kikubaaqudgha.
   397 | D        | Found a bloodstained altar of Trog.
   397 | D        | Found a glowing silver altar of Zin.
   398 | D        | Found a roughly hewn altar of Beogh.
   398 | D        | Found a viscous altar of Jiyva.
   398 | D        | Found a deep blue altar of Sif Muna.
   398 | D        | Found a basalt altar of Yredelemnul.
   398 | D        | Noticed a polar bear
   399 | D        | Noticed a polar bear
   402 | D        | Noticed a polar bear
   403 | D        | Noticed a hornet
   407 | D        | Noticed a yaktaur
   409 | D        | Killed a polar bear
   417 | D        | Killed a hornet
   427 | D        | Killed a polar bear
   427 | D        | Reached skill level 10 in Maces & Flails
   427 | D        | Reached XP level 9. HP: 48/64 MP: 9/9
   438 | D        | Killed a yaktaur
   447 | D        | Slain by a polar bear

Vault maps used:
D:        the_violet_keep_of_menkaure

Skill      XL: |  1  2  3  4  5  6  7  8 |
---------------+-------------------------+-----
Fighting       | 5 6 7 8 9 11 | 11.5
Maces & Flails | 4 5 6 7 8 10 | 10.3
Armour         | 5 6 7 8 9 11 | 11.4
Shields        | 5 6 7 8 10 11 | 11.5

Action                   |  1- 3 |  4- 6 |  7- 9 || total
-------------------------+-------+-------+-------++-------
Melee: Flail             |    16 |    45 |   107 ||   168
  Use: Potion            |     1 |     1 |     2 ||     4
Armor: Scale mail        |     4 |     9 |    22 ||    35
       Plate armour      |       |       |    68 ||    68
Dodge: Dodged            |     3 |    10 |    29 ||    42
Block: Shield            |     5 |    13 |    22 ||    40
       Large shield      |       |       |    95 ||    95

Table legend:
 A = Spawn XP
 B = Non-spawn XP
 C = Spawn XP percentage of total XP
 D = Spawn monster count
 E = Non-spawn monster count
 F = Spawn count percentage of total count
 G = Total turns spent on level
                    A         B        C        D         E        F      G
               +---------+---------+-------+---------+---------+-------+---------
         Total |       0 |    2827 |   0.0 |       0 |      21 |   0.0 |   447
               +---------+---------+-------+---------+---------+-------+---------
             D |       0 |    2827 |   0.0 |       0 |      21 |   0.0 |   447
               +---------+---------+-------+---------+---------+-------+---------
